 Dungeon Crawl Stone Soup version 0.22-a0-402-ga933591 (webtiles) character file.

22359 Borgoz the Blocker (level 12, -1/81 HPs)
             Began as a Gargoyle Fighter on May 7, 2018.
             Was the Champion of the Shining One.
             Slain by Frances
             ... wielding a +0 hand axe of electrocution
              (7 damage)
             ... on level 13 of the Dungeon.
             The game lasted 00:34:37 (14359 turns).

Borgoz the Blocker (Gargoyle Fighter)              Turns: 14359, Time: 00:34:38

Health: -1/81      AC: 26    Str: 20    XL:     12   Next: 99%
Magic:  12/12      EV:  9    Int: 16    God:    the Shining One [******]
Gold:   1143       SH:  0    Dex: 16    Spells: 9/11 levels left

rFire    . . .     SeeInvis .   r - +2 whip (venom)
rCold    . . .     Gourm    .   D - +2 shield
rNeg     + + +     Faith    .   P - +1 scale mail of Tuicui Mamn {Int+2 Dex+3}
rPois    ∞         Spirit   .   s - +2 hat
rElec    +         Reflect  .   u - +1 cloak
rCorr    .         Harm     .   (no gloves)
MR       .....                  H - +1 pair of boots
Stlth    ..........             C - amulet of magic regeneration
HPRegen  0.23/turn              F - ring of loudness (curse)
MPRegen  0.38/turn              L - +4 ring of intelligence

@: confused, hasted, glowing, very quick
A: negative energy resistance 1, electricity resistance, unbreathing,
petrification resistance, rot immunity, AC +8
a: Divine Shield, Cleansing Flame, Summon Divine Warrior, Brand Weapon With Holy
Wrath, Renounce Religion


You were on level 13 of the Dungeon.
You worshipped the Shining One.
The Shining One was exalted by your worship.
You were not hungry.

You visited 2 branches of the dungeon, and saw 15 of its levels.
You also visited: Ossuary.

You collected 1143 gold pieces.

Inventory:

Hand Weapons
 a - a +2 quarterstaff of chaos
 r - a +2 whip of venom (weapon)
Armour
 s - a +2 hat (worn)
 u - a +1 cloak (worn)
 w - a +1 plate armour
 z - the +0 Maxwell's etheric cage {RegenMP+ *Contam rElec MP+4}
   (You found it on level 5 of the Dungeon)

   It insulates you from electricity.
   It affects your magic capacity (+4).
   It causes magical contamination when unequipped.
 D - a +2 shield (worn)
 H - a +1 pair of boots (worn)
 P - the +1 scale mail of Tuicui Mamn (worn) {Int+2 Dex+3}
   (You found it on level 12 of the Dungeon)

   It affects your intelligence (+2).
   It affects your dexterity (+3).
Jewellery
 d - an uncursed amulet of the acrobat
 e - an uncursed ring of positive energy
 j - a +3 ring of evasion
 o - the ring "Noeney" {Fire rElec rPois Str+4 Int-2}
   (You acquired it on level 6 of the Dungeon)

   [ring of fire]

   It enhances your fire magic.
   It affects your strength (+4).
   It affects your intelligence (-2).
   It protects you from fire.
   It makes you vulnerable to cold.
   It insulates you from electricity.
   It protects you from poison.
 C - an amulet of magic regeneration (around neck)
 F - a cursed ring of loudness (left hand)
 G - a +1 ring of protection
 J - a +3 ring of intelligence
 L - a +4 ring of intelligence (right hand)
 R - a +4 ring of strength {unknown}
Wands
 b - a wand of enslavement (23)
 y - a wand of scattershot (4)
 E - a wand of polymorph (18)
 I - a wand of acid (22)
 O - a wand of disintegration (17)
Scrolls
 h - 6 scrolls of remove curse
 i - 3 scrolls of blinking
 n - 5 scrolls of enchant armour
 p - a scroll of immolation {unknown}
 q - 5 scrolls of teleportation
 x - 3 scrolls of enchant weapon
 B - a scroll of holy word
 K - a scroll of magic mapping {unknown}
 N - a scroll of vulnerability {unknown}
 Q - 2 scrolls of brand weapon {unknown}
Potions
 c - 4 potions of brilliance
 g - 9 potions of curing
 k - 5 potions of degeneration
 m - 4 potions of cancellation
 t - 5 potions of resistance
 v - a potion of ambrosia
 A - a potion of haste
 M - 2 potions of mutation
Comestibles
 f - 18 rations
 S - 3 chunks of flesh


   Skills:
 + Level 12.0 Fighting
 + Level 10.9 Maces & Flails
 + Level 12.0 Armour
 + Level 12.0 Shields


You had 9 spell levels left.
You knew the following spells:

 Your Spells              Type           Power        Failure   Level  Hunger
a - Blink                 Tloc           N/A          77%         2    ###....


Dungeon Overview and Level Annotations

Branches:
Dungeon (14/15)            Temple (1/1) D:5            Lair (0/6) D:11
    Orc (0/2) D:11
 Vaults: D:13-14

Altars:
Ashenzari
Cheibriados
Dithmenos
Elyvilon
Fedhas
Gozag
Hepliaklqana
Kikubaaqudgha
Makhleb
Nemelex Xobeh
Okawaru
Qazlal
Ru
Sif Muna
Trog
Uskayaw
Vehumet
Wu Jian
Xom
Yredelemnul
Zin
The Shining One

Shops:
D:10 [   D:12 (   D:14 }

Annotations:
D:13 Frances


Innate Abilities, Weirdness & Mutations

You are resistant to torment.
Your stone body is resilient. (AC +8)
You are immune to poison.
You resist negative energy. (rN+)
You are resistant to electric shocks. (rElec)
You can survive without breathing.
You are immune to petrification.
You are immune to rotting.


Message History

* * * LOW HITPOINT WARNING * * *
Frances hits you but does no damage.
You hit Frances.
Frances looks as sick as possible!
Frances is severely wounded.
Unknown command.
You bump into the rock wall.
You feel less invigorated.
You feel less confused. The smoke demon gestures at you. Something smites you!
* * * LOW HITPOINT WARNING * * *
Frances hits you but does no damage.
Unknown command.
You are confused.
You feel invigorated. Frances misses you. The smoke demon gestures at you.
Something smites you!
* * * LOW HITPOINT WARNING * * *
You bump into the rock wall.
Frances hits you with a hand axe of electrocution!
You die...

#.##############...............
#.##############...............
#..............................
#..............................
#..............................
#.##############...............
#.# #.....>.........
#.##############3..............
#.............@@34.............
#.............##########..#####
#.............# #..#
#.............##########..#####
#..............................
#..............................
#..#############...............
#..# #............... #.
#######...............


You could see Frances, a soul eater, a hellwing and a smoke demon.

Vanquished Creatures
  Rupert (D:13)
  Josephine (D:13)
  An anaconda (shapeshifter) (D:13)
  A centaur warrior (D:12)
  4 two-headed ogres
  Urug (D:13)
  An unseen horror (D:12)
  2 wizards (D:14)
  2 ugly things (D:11)
  A manticore (D:13)
  2 gargoyles
  5 centaur skeletons
  Grinder (D:5)
  A queen bee (D:8)
  3 trolls
  A hornet (D:13)
  2 hippogriffs
  Sigmund (D:5)
  A shadow (D:14)
  A wyvern (D:12)
  5 yaks (D:12)
  Eustachio (D:5)
  A basilisk (D:11)
  6 wraiths
  2 hungry ghosts (D:11)
  A soldier ant (D:11)
  Duvessa (D:5)
  An orc warrior (D:12)
  2 ice beasts
  3 sky beasts
  A black bear (D:12)
  4 phantoms
  5 centaurs
  6 ogres
  A big kobold (D:7)
  6 bullfrogs
  A gnoll sergeant (D:5)
  Dowan (D:5)
  2 scorpions
  A troll zombie (D:11)
  17 killer bees (D:8)
  9 wights
  A howler monkey (D:7)
  2 crimson imps
  4 centaur zombies
  A bullfrog zombie (D:5)
  5 hounds
  4 jellies
  Crazy Yiuf (D:2)
  7 orc priests
  5 orc wizards
  2 bullfrog skeletons
  Jessica (D:2)
  Ijyb (D:4)
  3 iguanas
  7 worker ants
  A killer bee zombie (D:8)
  7 ogre zombies (D:11)
  6 big kobold zombies (Ossuary)
  A hound skeleton (D:4)
  6 mummies
  2 worker ant zombies
  7 gnolls
  13 adders
  2 shadow imps (D:5)
  3 oozes
  An adder skeleton (D:4)
  5 worms
  A dart slug (D:1)
  6 leopard geckos
  29 orcs
  3 ball pythons
  6 giant cockroaches
  2 gnoll zombies (D:4)
  4 goblins
  5 hobgoblins
  2 jackals (D:2)
  5 quokkas
  7 bats
  5 frilled lizards
  3 goblin zombies (D:11)
  8 hobgoblin zombies
  A jackal zombie (D:5)
  10 kobolds
  A leopard gecko skeleton (D:6)
  5 orc skeletons (D:11)
  15 orc zombies
  9 rats
  2 fungi (D:8)
337 creatures vanquished.

Notes
Turn   | Place    | Note
-------+----------+-------------------------------------------
     0 | D:1      | Borgoz the Gargoyle Fighter began the quest for the Orb.
     0 | D:1      | Reached XP level 1. HP: 14/14 MP: 1/1
   295 | D:1      | Reached XP level 2. HP: 16/19 MP: 2/2
   873 | D:1      | Reached XP level 3. HP: 7/23 MP: 3/3
  1365 | D:2      | Reached XP level 4. HP: 29/29 MP: 4/4
  1573 | D:2      | Noticed Jessica
  1582 | D:2      | Killed Jessica
  1595 | D:2      | Reached XP level 5. HP: 30/33 MP: 5/5
  1686 | D:2      | Found a runed door.
  1981 | D:2      | Noticed Crazy Yiuf
  1993 | D:2      | Killed Crazy Yiuf
  2424 | D:3      | Reached XP level 6. HP: 39/39 MP: 6/6
  3382 | D:4      | Noticed a phantom
  3490 | D:4      | Killed a phantom
  3490 | D:4      | Reached skill level 5 in Fighting
  3490 | D:4      | Reached skill level 5 in Armour
  3490 | D:4      | Reached skill level 5 in Shields
  3490 | D:4      | Reached XP level 7. HP: 23/44 MP: 7/7
  4056 | D:4      | Noticed Ijyb
  4068 | D:4      | Killed Ijyb
  4416 | D:4      | Found a basalt altar of Yredelemnul.
  4610 | D:5      | Entered Level 5 of the Dungeon
  4786 | D:5      | Noticed Duvessa
  4787 | D:5      | Noticed Dowan
  4803 | D:5      | Killed Duvessa
  4803 | D:5      | Reached XP level 8. HP: 46/51 MP: 8/8
  4836 | D:5      | Killed Dowan
  5056 | D:5      | Noticed Sigmund
  5082 | D:5      | Killed Sigmund
  5082 | D:5      | Reached skill level 5 in Maces & Flails
  5338 | D:5      | Found a radiant altar of Vehumet.
  5388 | D:5      | Noticed Grinder
  5395 | D:5      | Noticed Eustachio
  5411 | D:5      | Killed Eustachio
  5477 | D:5      | Paralysed by Grinder for 4 turns
  5478 | D:5      | Killed Grinder
  5478 | D:5      | Reached XP level 9. HP: 49/57 MP: 9/9
  5530 | D:5      | Found a staircase to the Ecumenical Temple.
  5620 | D:5      | Found the +0 Maxwell's etheric cage {RegenMP+ *Contam rElec MP+4}
  5689 | Temple   | Entered the Ecumenical Temple
  5998 | D:6      | Identified a scroll of acquirement
  5999 | D:6      | Got a heavily runed amber ring
  6001 | D:6      | Identified the ring "Noeney" {Fire rElec rPois Str+4 Int-2} (You acquired it on level 6 of the Dungeon)
  6043 | D:6      | Found a glowing golden altar of the Shining One.
  6056 | D:6      | Became a worshipper of the Shining One
  6452 | D:6      | Found a sand-covered staircase.
  6459 | Ossuary  | Entered an ossuary
  6477 | Ossuary  | Reached * piety under the Shining One
  6631 | Ossuary  | Reached ** piety under the Shining One
  6820 | D:6      | Found a snail-covered altar of Cheibriados.
  7373 | D:7      | Found a white marble altar of Elyvilon.
  7451 | D:7      | Found a bloodstained altar of Trog.
  7451 | D:7      | Noticed a troll
  7463 | D:7      | Killed a troll
  7463 | D:7      | Reached XP level 10. HP: 52/64 MP: 10/10
  7481 | D:7      | Reached *** piety under the Shining One
  7822 | D:7      | Found a hazy altar of Hepliaklqana.
  8303 | D:8      | Found a shimmering altar of Xom.
  9051 | D:9      | Found a sparkling altar of Nemelex Xobeh.
  9326 | D:9      | Found a stormy altar of Qazlal.
  9611 | D:9      | Found a burning altar of Makhleb.
  9616 | D:9      | Found a shattered altar of Ashenzari.
  9621 | D:9      | Found a shadowy altar of Dithmenos.
  9626 | D:9      | Found a deep blue altar of Sif Muna.
  9794 | D:10     | Entered Level 10 of the Dungeon
  9811 | D:10     | Noticed a two-headed ogre
  9824 | D:10     | Killed a two-headed ogre
 10087 | D:10     | Found Ofacyel's Armour Shop.
 10204 | D:10     | Found a blossoming altar of Fedhas.
 10606 | D:11     | Noticed a green ugly thing
 10631 | D:11     | Killed a green ugly thing
 10631 | D:11     | Reached XP level 11. HP: 71/71 MP: 11/11
 10687 | D:11     | Reached **** piety under the Shining One
 10688 | D:11     | Found a staircase to the Orcish Mines.
 10813 | D:11     | Reached ***** piety under the Shining One
 11049 | D:11     | Reached skill level 10 in Shields
 11100 | D:11     | Noticed a green ugly thing
 11127 | D:11     | Killed a green ugly thing
 11127 | D:11     | Reached skill level 10 in Fighting
 11127 | D:11     | Reached skill level 10 in Armour
 11234 | D:11     | Found a staircase to the Lair.
 11487 | D:12     | Got a jewelled scale mail
 11498 | D:12     | Identified the +1 scale mail of Tuicui Mamn {Int+2 Dex+3} (You found it on level 12 of the Dungeon)
 11642 | D:12     | Noticed a centaur warrior
 11660 | D:12     | Killed a centaur warrior
 12161 | D:12     | Found Ypnipt's Antique Weapon Shoppe.
 12223 | D:12     | Noticed an unseen horror
 12245 | D:12     | Killed an unseen horror
 12611 | D:13     | Noticed a two-headed ogre
 12621 | D:13     | Killed a two-headed ogre
 12785 | D:13     | Learned a level 2 spell: Blink
 12787 | D:13     | Noticed Rupert
 12810 | D:13     | Paralysed by Rupert for 7 turns
 12833 | D:13     | Killed Rupert
 12833 | D:13     | Reached skill level 10 in Maces & Flails
 12833 | D:13     | Reached XP level 12. HP: 59/80 MP: 12/12
 12836 | D:13     | Noticed Urug
 12980 | D:13     | Killed Urug
 13085 | D:13     | Noticed Josephine
 13118 | D:13     | Killed Josephine
 13140 | D:13     | Noticed an anaconda
 13140 | D:13     | a shining eye changed into an anaconda
 13201 | D:13     | Killed an anaconda
 13949 | D:13     | Noticed Frances
 13997 | D:14     | Found Voklut's Gadget Shop.
 14001 | D:14     | Reached ****** piety under the Shining One
 14053 | D:14     | Noticed a two-headed ogre
 14054 | D:14     | Noticed a two-headed ogre
 14087 | D:14     | Killed a two-headed ogre
 14094 | D:14     | Killed a two-headed ogre
 14094 | D:14     | HP: 3/81 [wizard/crystal spear (43)]
 14338 | D:13     | Noticed a soul eater
 14345 | D:13     | The Shining One protects you from harm!
 14358 | D:13     | HP: 2/81 [smoke demon/divine providence[Frances] (11)]
 14359 | D:13     | Slain by Frances

Vault maps used:
D:1:      elethiomel_arrival_infinity_welcomes_careful_drivers,
          minmay_tree_intersection
D:2:      fountainhead, uniq_jessica, uniq_crazy_yiuf_cottage
D:4:      lemuel_zombie_altar_yredelemnul, first_ration, uniq_ijyb
D:5:      kennysheep_little_box, temple_fountains, kennysheep_dice,
          uniq_sigmund, uniq_eustachio, uniq_grinder, uniq_duvessa
D:6:      kennysheep_six_static_rooms, slow_altar_2, nicolae_ossuary_entry_giza,
          basic_altar
D:7:      overflow_temple_1_default, elyvilon_altar_5, marbit_many_paths,
          kennysheep_generic_room_12
D:8:      kennysheep_mini, david_nohive_1, minmay_gold_behind_fungi
D:9:      lemuel_ice_spiral_2, nicolae_qazlal_general_emergency,
          grunt_temple_overflow_cloverleaf, nemelex_dance_club_becter
D:10:     serial_shops, shop_fountains, fedhas_bush_and_centaur_altar
D:11:     lair_entry_dummy, zombieorc2_lemuel, hangedman_abyss_or_decor_passed
D:12:     serial_shops, shop_coins
D:13:     uniq_urug, uniq_josephine, uniq_frances, uniq_rupert
D:14:     david_vaults_1, serial_shops, shop, shop, kennysheep_mini_moat,
          nicolae_shop_behind_doors
Temple:   eino_temple_lava
Ossuary:  ossuary_the_hunt_dpeg

Skill      XL: |  1  2  3  4  5  6  7  8  9 10 11 12 |
---------------+-------------------------------------+-----
Shields        | 4 5 7 8 9 11 12 | 12.0
Fighting       | 4 5 7 8 9 11 12 | 12.0
Armour         | 4 5 7 8 9 11 12 | 12.0
Maces & Flails | 3 4 5 7 8 10 | 10.9

Action                   |  1- 3 |  4- 6 |  7- 9 | 10-12 || total
-------------------------+-------+-------+-------+-------++-------
Melee: Flail             |   112 |    57 |       |       ||   169
       Whip              |       |   222 |   664 |  1247 ||  2133
Invok: Divine Shield     |       |       |       |     3 ||     3
  Use: Potion            |     1 |       |     1 |     7 ||     9
       Scroll            |       |     1 |    12 |     5 ||    18
 Stab: Invisible         |       |       |     1 |       ||     1
  Eat: Chunk             |     2 |     7 |     7 |    19 ||    35
       Ration            |       |       |     2 |     2 ||     4
Armor: Scale mail        |    54 |    92 |     1 |   177 ||   324
       Plate armour      |       |       |   230 |   242 ||   472
Dodge: Dodged            |    69 |   108 |   140 |   218 ||   535
Block: Shield            |    65 |   132 |   244 |   636 ||  1077

Table legend:
 A = Spawn XP
 B = Non-spawn XP
 C = Spawn XP percentage of total XP
 D = Spawn monster count
 E = Non-spawn monster count
 F = Spawn count percentage of total count
 G = Total turns spent on level
                    A         B        C        D         E        F      G
               +---------+---------+-------+---------+---------+-------+---------
         Total |       0 |   31942 |   0.0 |       0 |     335 |   0.0 | 14359
               +---------+---------+-------+---------+---------+-------+---------
           D:1 |       0 |      35 |   0.0 |       0 |      14 |   0.0 |  1115
           D:2 |       0 |     190 |   0.0 |       0 |      26 |   0.0 |  1085
           D:3 |       0 |     206 |   0.0 |       0 |      39 |   0.0 |  1026
           D:4 |       0 |     520 |   0.0 |       0 |      17 |   0.0 |  1384
           D:5 |       0 |    1669 |   0.0 |       0 |      26 |   0.0 |  1290
           D:6 |       0 |    1010 |   0.0 |       0 |      29 |   0.0 |   993
           D:7 |       0 |    1112 |   0.0 |       0 |      18 |   0.0 |   658
           D:8 |       0 |    2067 |   0.0 |       0 |      29 |   0.0 |  1166
           D:9 |       0 |     577 |   0.0 |       0 |      11 |   0.0 |   771
          D:10 |       0 |    1318 |   0.0 |       0 |      11 |   0.0 |   811
          D:11 |       0 |    2922 |   0.0 |       0 |      47 |   0.0 |   678
          D:12 |       0 |    4905 |   0.0 |       0 |      22 |   0.0 |  1417
          D:13 |       0 |   10364 |   0.0 |       0 |      19 |   0.0 |  1306
          D:14 |       0 |    4704 |   0.0 |       0 |      10 |   0.0 |   353
       Ossuary |       0 |     343 |   0.0 |       0 |      17 |   0.0 |   240
               +---------+---------+-------+---------+---------+-------+---------
